General information
- name: BNet
- type: Ladder team game (AT/RT)
- host: Battle.net
- saver: TALONSAREIMBA
map: Cherryville
- players: 8
- length: 30:25
- speed: Fast
- version: 1.21 W3XP
- replay type: Public
» download(321 KB)
Players
team 1 (winner)
GOHOMEFRESHMEN (
purple | 113 APM | 3451 actions | 30:24)
6 Death Knight
3 Death Coil
2 Unholy Aura
1 Animate Dead
5 Lich
3 Frost Nova
2 Dark Ritual
» actions
| Assign group hotkey | 84 | |
| Build / train | 88 | |
| Enter build submenu | 22 | |
| Enter hero's abilities submenu | 11 | |
| Give item / drop item | 4 | |
| Remove unit from queue | 1 | |
| Right click | 1758 | |
| Select / deselect | 549 | |
| Select group hotkey | 778 | |
| Use ability | 156 | |
3451 total
» units
| Acolyte | 16 | |
| Ghoul | 2 | |
| Crypt Fiend | 21 | |
| Obsidian Statue | 11 | |
50 total
» upgrades
| Creature Attack | 3 | |
| Burrow | 1 | |
| Destroyer Form | 1 | |
| Web | 1 | |
| Creature Carapace | 2 | |
8 total
» buildings
| Crypt | 1 | |
| Graveyard | 1 | |
| Altar of Darkness | 1 | |
| Ziggurat | 7 | |
| Tomb of Relics | 2 | |
| Nerubian Tower | 1 | |
| Halls of the Dead | 1 | |
| Black Citadel | 1 | |
| Slaughterhouse | 2 | |
| Necropolis | 1 | |
18 total
» build order
00:13 Crypt
00:19 Graveyard
00:43 Altar of Darkness
00:58 Ziggurat
01:16 Tomb of Relics
01:25 Tomb of Relics
01:58 Nerubian Tower
02:13 Ziggurat
04:00 Halls of the Dead
04:42 Ziggurat
06:47 Ziggurat
08:59 Black Citadel
09:07 Slaughterhouse
10:57 Ziggurat
17:09 Ziggurat
17:55 Ziggurat
26:18 Slaughterhouse
30:07 Necropolis
» items
| Rod of Necromancy | 3 | |
| Scroll of Town Portal | 7 | |
| Potion of Mana | 1 | |
| Orb of Corruption | 1 | |
12 total
SEXY_REXY (
green | 71 APM | 2150 actions | 30:24)
5 Death Knight
3 Death Coil
2 Unholy Aura
4 Lich
2 Frost Nova
2 Frost Armor
3 Pit Lord
2 Howl of Terror
1 Rain of Fire
» actions
| Assign group hotkey | 27 | |
| Basic commands | 1 | |
| Build / train | 83 | |
| Enter build submenu | 15 | |
| Enter hero's abilities submenu | 12 | |
| Give item / drop item | 5 | |
| Right click | 1274 | |
| Select / deselect | 279 | |
| Select group hotkey | 365 | |
| Use ability | 89 | |
2150 total
» units
| Acolyte | 11 | |
| Ghoul | 6 | |
| Crypt Fiend | 5 | |
| Frost Wyrm | 12 | |
34 total
» upgrades
| Creature Attack | 3 | |
| Creature Carapace | 3 | |
| Web | 1 | |
| Freezing Breath | 1 | |
8 total
» buildings
| Graveyard | 1 | |
| Crypt | 1 | |
| Ziggurat | 9 | |
| Altar of Darkness | 1 | |
| Tomb of Relics | 1 | |
| Nerubian Tower | 1 | |
| Halls of the Dead | 1 | |
| Spirit Tower | 2 | |
| Sacrificial Pit | 1 | |
| Necropolis | 1 | |
| Black Citadel | 1 | |
| Boneyard | 2 | |
22 total
» build order
00:11 Graveyard
00:19 Crypt
00:44 Ziggurat
01:01 Altar of Darkness
01:20 Ziggurat
01:48 Tomb of Relics
02:16 Nerubian Tower
04:09 Ziggurat
04:42 Halls of the Dead
05:38 Spirit Tower
07:48 Sacrificial Pit
08:37 Necropolis
09:18 Black Citadel
09:20 Ziggurat
09:21 Ziggurat
10:30 Ziggurat
10:31 Ziggurat
10:32 Ziggurat
10:33 Ziggurat
11:42 Spirit Tower
12:26 Boneyard
12:35 Boneyard
» items
| Rod of Necromancy | 1 | |
| Dust of Appearance | 1 | |
| Healing Salve | 1 | |
| Scroll of Town Portal | 9 | |
| Orb of Corruption | 1 | |
| Scroll of Healing | 1 | |
| Lesser Clarity Potion | 2 | |
16 total
TALONSAREIMBA (
blue | 73 APM | 2206 actions | 30:25)
5 Blademaster
3 Wind Walk
2 Critical Strike
1 Shadow Hunter
1 Hex
» actions
| Assign group hotkey | 19 | |
| Basic commands | 81 | |
| Build / train | 73 | |
| ESC pressed | 2 | |
| Enter build submenu | 11 | |
| Enter hero's abilities submenu | 7 | |
| Give item / drop item | 3 | |
| Right click | 1467 | |
| Select / deselect | 389 | |
| Select group hotkey | 61 | |
| Use ability | 93 | |
2206 total
» units
| Peon | 7 | |
| Grunt | 2 | |
| Troll Headhunter/Berserker | 24 | |
| Shaman | 5 | |
38 total
» upgrades
| Troll Regeneration | 1 | |
| Ranged Weapons | 1 | |
| Armor | 1 | |
| Shaman Training | 2 | |
| Berserker Upgrade | 1 | |
6 total
» buildings
| Altar of Storms | 1 | |
| Orc Burrow | 4 | |
| Barracks | 1 | |
| Voodoo Lounge | 1 | |
| War Mill | 1 | |
| Stronghold | 1 | |
| Fortress | 1 | |
| Spirit Lodge | 1 | |
| Great Hall | 1 | |
12 total
» build order
00:03 Altar of Storms
00:05 Orc Burrow
00:22 Barracks
01:42 Orc Burrow
01:57 Voodoo Lounge
02:55 War Mill
03:48 Orc Burrow
05:20 Orc Burrow
05:49 Stronghold
10:30 Fortress
11:37 Spirit Lodge
15:39 Great Hall
» items
| Healing Salve | 4 | |
| Lesser Clarity Potion | 4 | |
| Scroll of Speed | 2 | |
| Scroll of Protection | 1 | |
| Scroll of Town Portal | 6 | |
| Orb of Lightning | 1 | |
| Potion of Mana | 1 | |
19 total

»
YEAHIAOWCREEP (
teal | 85 APM | 2591 actions | 30:24)
5 Blademaster
3 Wind Walk
2 Critical Strike
4 Tauren Chieftain
2 War Stomp
2 Endurance Aura
» actions
| Assign group hotkey | 187 | |
| Basic commands | 6 | |
| Build / train | 82 | |
| ESC pressed | 1 | |
| Enter build submenu | 26 | |
| Enter hero's abilities submenu | 9 | |
| Give item / drop item | 1 | |
| Right click | 1132 | |
| Select / deselect | 311 | |
| Select group hotkey | 735 | |
| Use ability | 101 | |
2591 total
» units
| Peon | 16 | |
| Grunt | 4 | |
| Raider | 4 | |
| Wind Rider | 15 | |
| Troll Batrider | 5 | |
44 total
» upgrades
| Ensnare | 1 | |
| Armor | 3 | |
| Ranged Weapons | 3 | |
| Envenomed Spears | 1 | |
| Reinforced Defenses | 1 | |
| Liquid Fire | 1 | |
10 total
» buildings
| Altar of Storms | 1 | |
| Orc Burrow | 8 | |
| Barracks | 1 | |
| Voodoo Lounge | 1 | |
| Stronghold | 1 | |
| War Mill | 1 | |
| Beastiary | 3 | |
| Great Hall | 2 | |
| Watch Tower | 3 | |
| Fortress | 1 | |
22 total
» build order
00:08 Altar of Storms
00:29 Orc Burrow
00:41 Barracks
01:37 Orc Burrow
02:09 Voodoo Lounge
03:24 Stronghold
03:57 Orc Burrow
04:59 War Mill
05:50 Beastiary
05:56 Beastiary
06:57 Great Hall
08:57 Orc Burrow
09:02 Watch Tower
09:04 Watch Tower
09:56 Orc Burrow
12:45 Fortress
14:55 Beastiary
17:39 Orc Burrow
17:41 Orc Burrow
24:31 Watch Tower
25:56 Orc Burrow
28:18 Great Hall
» items
| Healing Salve | 5 | |
| Lesser Clarity Potion | 1 | |
| Dust of Appearance | 1 | |
| Boots of Speed | 1 | |
| Scroll of Town Portal | 5 | |
| Orb of Lightning | 1 | |
14 total
team 2 (loser)

»
ICantEnglish (
yellow | 46 APM | 1391 actions | 30:17)
4 Demon Hunter
2 Mana Burn
2 Evasion
1 Pandaren Brewmaster
1 Drunken Haze
» actions
| Assign group hotkey | 19 | |
| Basic commands | 101 | |
| Build / train | 58 | |
| Enter build submenu | 16 | |
| Enter hero's abilities submenu | 5 | |
| Remove unit from queue | 4 | |
| Right click | 459 | |
| Select / deselect | 312 | |
| Select group hotkey | 356 | |
| Use ability | 61 | |
1391 total
» units
| Wisp | 14 | |
| Huntress | 7 | |
| Dryad | 6 | |
| Archer | 5 | |
32 total
» upgrades
| Sentinel | 1 | |
| Improved Bows | 1 | |
| Ultravision | 1 | |
| Abolish Magic | 0 | |
| Nature's Blessing | 1 | |
| Well Spring | 1 | |
| Marksmanship | 1 | |
6 total
» buildings
| Moon Well | 7 | |
| Altar of Elders | 1 | |
| Hunter's Hall | 1 | |
| Ancient of War | 2 | |
| Ancient of Wonders | 2 | |
| Tree of Ages | 2 | |
| Ancient of Lore | 2 | |
| Tree of Eternity | 2 | |
19 total
» build order
00:21 Moon Well
00:33 Altar of Elders
01:22 Moon Well
02:05 Moon Well
02:09 Hunter's Hall
02:18 Ancient of War
02:42 Ancient of War
02:55 Ancient of Wonders
05:01 Tree of Ages
05:01 Tree of Ages
09:01 Ancient of Lore
09:02 Ancient of Lore
09:40 Moon Well
09:41 Moon Well
09:46 Moon Well
12:53 Moon Well
13:00 Tree of Eternity
13:01 Tree of Eternity
13:20 Ancient of Wonders
» items

»
JEPARLEFRANCAIS (
pink | 93 APM | 2826 actions | 30:23)
6 Keeper of the Grove
3 Entangling Roots
2 Thorns Aura
1 Tranquility
» actions
| Assign group hotkey | 51 | |
| Basic commands | 3 | |
| Build / train | 80 | |
| ESC pressed | 6 | |
| Enter build submenu | 27 | |
| Enter hero's abilities submenu | 6 | |
| Give item / drop item | 1 | |
| Right click | 1672 | |
| Select / deselect | 386 | |
| Select group hotkey | 436 | |
| Use ability | 158 | |
2826 total
» units
| Wisp | 25 | |
| Huntress | 6 | |
| Dryad | 9 | |
| Mountain Giant | 1 | |
41 total
» upgrades
| Ultravision | 1 | |
| Sentinel | 1 | |
| Abolish Magic | 1 | |
| Strength of the Wild | 3 | |
| Reinforced Hides | 3 | |
| Well Spring | 1 | |
| Hardened Skin | 1 | |
| Resistant Skin | 1 | |
12 total
» buildings
| Altar of Elders | 1 | |
| Moon Well | 7 | |
| Hunter's Hall | 1 | |
| Ancient of War | 3 | |
| Tree of Ages | 2 | |
| Ancient of Lore | 5 | |
| Ancient of Wonders | 1 | |
| Tree of Life | 2 | |
| Tree of Eternity | 1 | |
| Ancient Protector | 2 | |
25 total
» build order
00:08 Altar of Elders
00:19 Moon Well
01:46 Hunter's Hall
01:58 Ancient of War
02:01 Ancient of War
02:02 Ancient of War
02:12 Moon Well
03:45 Moon Well
04:44 Moon Well
05:35 Tree of Ages
05:35 Tree of Ages
08:01 Ancient of Lore
08:02 Ancient of Lore
08:06 Ancient of Lore
08:09 Ancient of Lore
08:12 Ancient of Wonders
10:30 Moon Well
10:57 Tree of Life
12:08 Ancient of Lore
13:23 Tree of Eternity
16:06 Ancient Protector
16:10 Ancient Protector
19:24 Moon Well
19:25 Moon Well
22:28 Tree of Life
» items
| Scroll of Town Portal | 3 | |
| Potion of Healing | 1 | |
| Moonstone | 1 | |
| Staff of Preservation | 1 | |
| Anti-magic Potion | 1 | |
| Periapt of Vitality | 1 | |
| Potion of Lesser Invulnerability | 1 | |
9 total

»
NoHablasIngles (
red | 116 APM | 3536 actions | 30:21)
5 Blood Mage
3 Flame Strike
2 Siphon Mana
3 Paladin
2 Holy Light
1 Divine Shield
» actions
| Assign group hotkey | 104 | |
| Basic commands | 36 | |
| Build / train | 124 | |
| Enter build submenu | 32 | |
| Enter hero's abilities submenu | 8 | |
| Give item / drop item | 4 | |
| Right click | 1334 | |
| Select / deselect | 549 | |
| Select group hotkey | 1184 | |
| Use ability | 161 | |
3536 total
» units
| Peasant | 27 | |
| Rifleman | 20 | |
| Assassin | 2 | |
| Kobold Geomancer | 3 | |
| Priest | 3 | |
| Spell Breaker | 4 | |
59 total
» upgrades
| Masonry | 3 | |
| Long Rifles | 1 | |
| Priest Training | 2 | |
| Gunpowder | 2 | |
| Magic Sentry | 1 | |
9 total
» buildings
| Altar of Kings | 2 | |
| Farm | 10 | |
| Barracks | 3 | |
| Blacksmith | 1 | |
| Scout Tower | 11 | |
| Arcane Tower | 5 | |
| Town Hall | 1 | |
| Arcane Vault | 1 | |
| Lumber Mill | 1 | |
| Keep | 1 | |
| Guard Tower | 7 | |
| Castle | 1 | |
| Arcane Sanctum | 2 | |
46 total
» build order
00:04 Altar of Kings
00:05 Farm
00:08 Altar of Kings
01:00 Barracks
01:07 Blacksmith
01:31 Farm
01:44 Scout Tower
02:15 Arcane Tower
02:39 Farm
04:12 Town Hall
04:14 Scout Tower
04:42 Arcane Tower
05:02 Arcane Vault
05:08 Scout Tower
05:31 Farm
05:48 Arcane Tower
06:31 Barracks
06:35 Lumber Mill
06:51 Farm
09:04 Keep
09:12 Scout Tower
09:13 Scout Tower
09:13 Scout Tower
09:15 Scout Tower
09:43 Arcane Tower
09:44 Guard Tower
09:45 Guard Tower
10:52 Farm
10:53 Farm
10:54 Farm
12:38 Castle
12:43 Barracks
12:54 Arcane Sanctum
12:56 Arcane Sanctum
16:29 Farm
16:30 Farm
19:22 Scout Tower
19:23 Scout Tower
19:24 Scout Tower
19:25 Scout Tower
19:57 Guard Tower
20:50 Guard Tower
21:02 Guard Tower
» items
| Scroll of Regeneration | 7 | |
| Lesser Clarity Potion | 2 | |
| Scroll of Town Portal | 8 | |
| Potion of Healing | 6 | |
| Potion of Mana | 1 | |
| Staff of Sanctuary | 1 | |
| Ivory Tower | 3 | |
| Scroll of Healing | 2 | |
30 total

»
randomtakeskill (
orange | 150 APM | 4516 actions | 30:11)
5 Death Knight
3 Death Coil
2 Unholy Aura
3 Lich
2 Frost Nova
1 Dark Ritual
3 Dreadlord
2 Sleep
1 Vampiric Aura
» actions
| Assign group hotkey | 877 | |
| Basic commands | 3 | |
| Build / train | 77 | |
| Enter build submenu | 22 | |
| Enter hero's abilities submenu | 11 | |
| Give item / drop item | 2 | |
| Right click | 1904 | |
| Select / deselect | 577 | |
| Select group hotkey | 935 | |
| Use ability | 107 | |
4516 total
» units
| Acolyte | 13 | |
| Ghoul | 4 | |
| Crypt Fiend | 6 | |
| Frost Wyrm | 9 | |
32 total
» upgrades
| Creature Attack | 3 | |
| Web | 1 | |
| Creature Carapace | 3 | |
7 total
» buildings
| Graveyard | 1 | |
| Crypt | 1 | |
| Altar of Darkness | 1 | |
| Ziggurat | 12 | |
| Tomb of Relics | 1 | |
| Nerubian Tower | 2 | |
| Halls of the Dead | 1 | |
| Spirit Tower | 2 | |
| Black Citadel | 1 | |
| Sacrificial Pit | 1 | |
| Boneyard | 2 | |
25 total
» build order
00:08 Graveyard
00:11 Crypt
00:51 Altar of Darkness
01:08 Ziggurat
01:40 Tomb of Relics
02:04 Ziggurat
02:54 Nerubian Tower
04:01 Ziggurat
05:45 Halls of the Dead
06:37 Ziggurat
06:38 Ziggurat
07:07 Ziggurat
08:01 Spirit Tower
08:02 Spirit Tower
08:03 Nerubian Tower
08:19 Black Citadel
09:26 Sacrificial Pit
10:57 Boneyard
11:44 Boneyard
12:39 Ziggurat
12:41 Ziggurat
16:04 Ziggurat
17:29 Ziggurat
19:50 Ziggurat
23:38 Ziggurat
» items
| Rod of Necromancy | 2 | |
| Dust of Appearance | 1 | |
| Scroll of Town Portal | 8 | |
| Orb of Corruption | 1 | |
| Potion of Healing | 1 | |
| Potion of Mana | 3 | |
| Lesser Clarity Potion | 1 | |
| Potion of Lesser Invulnerability | 1 | |
18 total
Chat log
(00:12 / All) TALONSAREIMBA: hi kodos
(00:13 / All) TALONSAREIMBA: if you're there
(00:58 / All) TALONSAREIMBA: so what about
(01:01 / All) TALONSAREIMBA: that touhou10
(01:11 / All) ICantEnglish: QUE?
(01:41 / All) JEPARLEFRANCAIS: I love touhou
(01:46 / All) TALONSAREIMBA: sup drayen
(01:52 / All) JEPARLEFRANCAIS: wtf hi lol
(02:24 / All) JEPARLEFRANCAIS: back in roc i was 360-17 with one of my at partners
(02:35 / All) JEPARLEFRANCAIS: before you newbs even knew what warcraft 3 was
(02:36 / All) YEAHIAOWCREEP: same
(02:58 / All) JEPARLEFRANCAIS: wtf blue :(
(03:02 / All) TALONSAREIMBA: cancel it drayen
(03:03 / All) TALONSAREIMBA: do it
(03:09 / All) JEPARLEFRANCAIS: manners
(03:15 / All) TALONSAREIMBA: imba
(08:12 / All) TALONSAREIMBA: dont you ever come around here
(08:19 / All) JEPARLEFRANCAIS: nice lucky crit
(08:22 / All) TALONSAREIMBA: :(
(08:32 / All) JEPARLEFRANCAIS: good thing blademaster takes a lot of skill lol
(08:47 / All) TALONSAREIMBA: Who is oj
(09:36 / Allies) TALONSAREIMBA: nope
(09:37 / Allies) TALONSAREIMBA: they dont
(09:42 / Allies) TALONSAREIMBA: dryaaad
(11:40 / Allies) TALONSAREIMBA: lol
(11:41 / Allies) TALONSAREIMBA: 1hp bm
(11:43 / Allies) TALONSAREIMBA: and they dont hit it
(13:31 / Allies) TALONSAREIMBA: ye
(15:12 / Allies) TALONSAREIMBA: GOLD?
(16:14 / Allies) YEAHIAOWCREEP: wppd
(16:15 / Allies) YEAHIAOWCREEP: wood
(17:21 / Allies) TALONSAREIMBA: woah
(21:27 / Allies) TALONSAREIMBA: gold for tp
(21:39 / Allies) TALONSAREIMBA: or buy one on me
(22:11 / Allies) TALONSAREIMBA: get me a tp cooks
(25:24 / Allies) TALONSAREIMBA: your lich
(27:34 / Allies) TALONSAREIMBA: go
(28:31 / All) YEAHIAOWCREEP: GG
(28:35 / All) TALONSAREIMBA: gg
(28:36 / All) TALONSAREIMBA: stne
(28:57 / All) NoHablasIngles: i guess the whole fighting thing got old so you reverted back to hit and runs and abusing the fact we had no orc
(29:03 / All) YEAHIAOWCREEP: lmao
(29:04 / All) ICantEnglish: your 2ud 2orc skills are amazing you should be commended on your amazing strategy
(29:04 / All) YEAHIAOWCREEP: rofl
(29:06 / All) YEAHIAOWCREEP: k
(29:08 / All) TALONSAREIMBA: we didn't proto
(29:09 / All) TALONSAREIMBA: lol
(29:10 / All) GOHOMEFRESHMEN: QUE?
(29:10 / All) SEXY_REXY: LOL
(29:12 / All) SEXY_REXY: LOL
(29:13 / All) SEXY_REXY: LOL
(29:16 / All) YEAHIAOWCREEP: protokoks
(29:17 / All) TALONSAREIMBA: I went hh
(29:18 / All) TALONSAREIMBA: lol
(29:19 / All) NoHablasIngles: what do you mean you didn't proto
(29:21 / All) SEXY_REXY: STUPID PROTOERS
(29:26 / All) NoHablasIngles: you went hhs then went back to mass wyrms wyverns
(29:29 / All) GOHOMEFRESHMEN: Your the ones so dependant on expos u forgo thow to micro lol
(29:33 / All) YEAHIAOWCREEP: proto is bats>
(29:36 / All) YEAHIAOWCREEP: clown
(29:39 / All) YEAHIAOWCREEP: i mad ywvs
(29:41 / All) NoHablasIngles: yeah when we have an orc
(29:42 / All) JEPARLEFRANCAIS: lol
(29:54 / All) NoHablasIngles: you would've massed bats if we could make a unit that could coutner 500 air units
(29:55 / All) ICantEnglish: wow teal
(29:56 / All) YEAHIAOWCREEP: nice oj
(30:01 / All) SEXY_REXY: GG CLOWN
(30:03 / All) TALONSAREIMBA: lol
(30:03 / All) randomtakeskill: only 3 on 1
(30:04 / All) ICantEnglish: your wyverns just detonated
(30:05 / All) ICantEnglish: amazing
(30:11 / All) YEAHIAOWCREEP: what 6 bats?
(30:12 / All) ICantEnglish: 100% wyverns just detonated
(30:13 / All) YEAHIAOWCREEP: oh
(30:22 / All) SEXY_REXY: got beat by the p4k boys